Senators vs Sewer Rats
Created - 18 février 2017 at 21:49
Goals
|
| Senators |
1 |
1 |
0 |
2 |
| Sewer Rats |
1 |
2 |
2 |
5 |
|
Shots
|
| Senators |
15 |
15 |
10 |
40 |
| Sewer Rats |
10 |
16 |
9 |
35 |
|
1st period
1. Sewer Rats , Peter Mueller 12 (Ville Leino, Matt Lashoff) at 10:58
2. Senators , Stanislav Chistov 28 (Sergei Kostitsyn, Cody Hodgson) at 12:48 (PP)
Penalties :
Richard Jackman (Tol) for Interference (Minor) at 3:37, Kyle Turris (Tol) for Roughing (Minor) at 12:35, John Lammers (Tol) for Hooking (Minor) at 18:42
2nd period
3. Senators , Sergei Kostitsyn 33 (Stanislav Chistov, Shane Sims) at 5:07 (PP)
4. Sewer Rats , Mark Mancari 23 (Mattias Ekholm, Ville Leino) at 7:11
5. Sewer Rats , Ville Leino 32 (Peter Mueller) at 9:14
Penalties :
Mark Mancari (Tol) for Roughing (Minor) at 4:57, Mark Mancari (Tol) for Holding Stick (Minor) at 18:03
3rd period
6. Sewer Rats , Ville Leino 33 (Richard Jackman, Mark Mancari) at 9:43 (PP)
7. Sewer Rats , Peter Mueller 13 (Mark Mancari) at 11:41
Penalties :
Marc-André Bernier (BIN) for Tripping (Minor) at 1:15, Milan Jurcina (BIN) for Tripping (Minor) at 9:28
Goalie Stats
Marc Denis (BIN), 30 saves from 35 shots - (0,857), L, 13-13-1, 60:00 minutes
Richard Bachman (Tol), 38 saves from 40 shots - (0,950), W, 18-18-1, 60:00 minutes
Players Stats for Senators
Player Name G A P +/- PIM S H SB GA TA FO MP PP MP PK MP
------------------------------------------------------------------------------------
Andy Hilbert 0 0 0 -1 0 3 0 2 0 0 0/2 18:42 2:03 1:13
Brandon Davidson 0 0 0 0 0 0 0 0 0 0 0/0 11:40 0:00 0:15
Chris Wagner 0 0 0 0 0 0 0 0 0 0 0/0 0:00 0:00 0:00
Cody Hodgson 0 1 1 -1 0 6 1 0 0 0 19/43 22:10 3:31 0:28
Gabriel Bourque 0 0 0 -1 0 3 1 0 2 1 0/0 11:05 0:00 0:33
Jack Skille 0 0 0 -1 0 2 1 1 0 0 1/2 17:26 2:00 0:00
Jaden Schwartz 0 0 0 -1 0 4 2 0 3 0 0/0 7:12 0:00 0:00
Johan Larsson 0 0 0 0 0 0 0 0 0 0 0/0 0:00 0:00 0:00
Josh Hennessy 0 0 0 -1 0 3 1 0 1 0 4/11 17:29 2:03 0:00
Keegan Lowe 0 0 0 -1 0 0 1 0 0 0 0/0 4:13 0:00 0:00
Marc-André Bernier 0 0 0 -1 2 0 1 0 0 0 1/1 10:45 0:14 0:00
Mark Olver 0 0 0 -1 0 2 1 1 0 0 1/4 10:30 0:00 0:00
Martin Marincin 0 0 0 -2 0 1 0 2 0 1 0/0 19:58 2:59 0:48
Matt Frattin 0 0 0 -1 0 1 0 0 0 0 1/1 7:12 0:00 0:00
Milan Jurcina 0 0 0 -2 2 2 2 1 0 1 0/0 28:21 3:21 1:11
Nick Bjugstad 0 0 0 0 0 0 1 0 0 0 0/0 0:54 0:49 0:00
Nicolas Deslauriers 0 0 0 -2 0 1 1 0 0 2 0/0 19:58 2:59 0:48
Ryan Dzingel 0 0 0 0 0 0 0 0 0 0 0/0 1:12 0:32 0:33
Ryan Hegarty 0 0 0 0 0 0 1 0 0 2 0/0 11:25 0:00 0:00
Sergei Kostitsyn 1 1 2 -1 0 3 3 0 1 0 1/3 22:55 3:31 1:13
Shane Prince 0 0 0 0 0 0 0 0 0 0 0/0 0:00 0:00 0:00
Shane Sims 0 1 1 -1 0 2 1 0 0 1 0/0 24:24 3:21 1:26
Stanislav Chistov 1 1 2 -1 0 7 0 1 2 0 0/3 22:10 3:31 0:28
Tomas Jurco 0 0 0 0 0 0 0 0 0 0 0/0 0:51 0:46 0:00
Tommy Wingels 0 0 0 -1 0 0 0 1 0 1 3/4 7:12 0:00 0:00
Players Stats for Sewer Rats
Player Name G A P +/- PIM S H SB GA TA FO MP PP MP PK MP
------------------------------------------------------------------------------------
Daniel Carr 0 0 0 0 0 0 0 0 0 0 0/0 1:53 0:00 1:53
Derek Dorsett 0 0 0 0 0 2 0 0 0 0 0/1 11:44 0:00 0:00
Evan Brophey 0 0 0 0 0 0 0 0 0 0 2/2 5:22 0:00 0:00
Jared Boll 0 0 0 0 0 2 2 1 1 0 0/0 18:09 0:56 0:00
Jarred Tinordi 0 0 0 1 0 0 0 1 0 0 0/0 11:26 0:00 0:38
Joel Edmundson 0 0 0 0 0 0 0 0 0 0 0/0 6:09 0:00 0:48
John Lammers 0 0 0 0 2 0 0 0 0 1 0/1 6:04 0:00 0:31
Jonathan Marchessault 0 0 0 0 0 1 1 0 0 0 7/10 11:44 0:00 0:00
Kyle Quincey 0 0 0 1 0 1 0 2 1 2 0/0 18:29 0:50 2:47
Kyle Turris 0 0 0 0 2 2 0 0 0 0 3/8 18:08 0:56 0:00
Mark Mancari 1 2 3 4 4 4 0 0 1 0 1/2 19:30 1:18 1:13
Matt Lashoff 0 1 1 2 0 0 0 3 0 2 0/0 24:47 1:24 2:58
Mattias Ekholm 0 1 1 1 0 0 1 1 0 0 0/0 18:36 0:50 2:48
Nick Cousins 0 0 0 0 0 0 0 0 0 0 0/0 0:00 0:00 0:00
Patrick Bordeleau 0 0 0 0 0 0 0 0 0 0 0/0 6:10 0:00 0:00
Peter Mueller 2 1 3 4 0 9 1 2 1 0 23/38 21:55 1:18 3:42
Richard Jackman 0 1 1 2 2 0 1 2 1 1 0/0 24:35 1:24 2:41
Ryan Murphy 0 0 0 0 0 0 0 0 0 0 0/0 5:21 0:00 0:00
Steven Kampfer 0 0 0 1 0 1 0 0 0 1 0/0 10:42 0:00 0:00
Tom Sestito 0 0 0 0 0 0 0 0 0 0 0/0 0:00 0:00 0:00
Ville Leino 2 2 4 4 0 8 3 0 2 2 6/10 25:18 1:18 3:27
Vincent Trocheck 0 0 0 0 0 0 1 0 0 0 0/0 0:36 0:00 0:30
Vojtech Polak 0 0 0 0 0 2 0 0 1 0 0/0 11:44 0:00 0:00
William Karlsson 0 0 0 0 0 0 0 0 0 0 0/0 0:00 0:00 0:00
Zach Boychuk 0 0 0 0 0 3 2 1 1 0 1/2 15:13 0:56 1:24
3 Stars
1 - Ville Leino (Tol)
2 - Peter Mueller (Tol)
3 - Mark Mancari (Tol)
Power Play
Senators - 2 on 5 Attempt(s) - 40,00%
Sewer Rats - 1 on 2 Attempt(s) - 50,00%
Penalty Kill
Senators - 1 on 2 Attempt(s) - 50,00%
- Score 0 goal in Penalty Kill
Sewer Rats - 3 on 5 Attempt(s) - 60,00%
- Score 0 goal in Penalty Kill
Team Stat
Senators - Hits : 18 - Faceoff Wins : 31 - Blocked Shots : 9 - Penalty Minutes : 4
Sewer Rats - Hits : 12 - Faceoff Wins : 43 - Blocked Shots : 13 - Penalty Minutes : 10
Official
Referees : StPierre Justin and Marouelli Dan
Linesman : Ryan Galloway and Thor Nelson
Game Notes
Zach Boychuk is injured at 8:52 of 3rd period (Broken Right Thumb)
Finance
Level 1 -- Attendance: 1582 (79,10%) -- Ticket Income 47 460 $
Level 2 -- Attendance: 792 (79,20%) -- Ticket Income 9 504 $
Total Attendance: 2374 (79,13%)
Total Ticket Income: 56 964 $
Other Income: 2 848 $
Total Income: 59 812 $
Senators
5 vs 5 Forward
Center Left Wing Right Wing Time % Phy DF OF
1 Cody Hodgson Sergei Kostitsyn Stanislav Chistov 40 1 2 2
2 Josh Hennessy Andy Hilbert Jack Skille 30 1 2 2
3 Mark Olver Gabriel Bourque Marc-André Bernier 20 1 2 2
4 Tommy Wingels Jaden Schwartz Matt Frattin 10 1 2 2
5 vs 5 Defense
Defense Defense Time % Phy DF OF
1 Milan Jurcina Shane Sims 40 1 2 2
2 Martin Marincin Nicolas Deslauriers 30 1 2 2
3 Ryan Hegarty Brandon Davidson 20 1 2 2
4 Keegan Lowe Milan Jurcina 10 1 2 2
PowerPlay Forward
Center Left Wing Right Wing Time % Phy DF OF
1 Cody Hodgson Sergei Kostitsyn Stanislav Chistov 60 1 2 2
2 Josh Hennessy Andy Hilbert Jack Skille 40 1 2 2
PowerPlay Defense
Defense Defense Time % Phy DF OF
1 Milan Jurcina Shane Sims 60 1 2 2
2 Martin Marincin Nicolas Deslauriers 40 1 2 2
Penalty Kill 4 Players Forward
Center Wing Time % Phy DF OF
1 Sergei Kostitsyn Andy Hilbert 60 1 2 2
2 Cody Hodgson Stanislav Chistov 40 1 2 2
Penalty Kill 4 Players Defense
Defense Defense Time % Phy DF OF
1 Milan Jurcina Shane Sims 60 1 2 2
2 Martin Marincin Nicolas Deslauriers 40 1 2 2
Penalty Kill - 3 Players Forward
Forward Time % Phy DF OF
1 Sergei Kostitsyn 60 1 2 2
2 Andy Hilbert 40 1 2 2
Penalty Kill - 3 Players Defense
Defense Defense Time % Phy DF OF
1 Milan Jurcina Shane Sims 60 1 2 2
2 Martin Marincin Nicolas Deslauriers 40 1 2 2
4 vs 4 Forward
Center Wing Time % Phy DF OF
1 Sergei Kostitsyn Andy Hilbert 60 1 2 2
2 Cody Hodgson Stanislav Chistov 40 1 2 2
4 vs 4 Defense
Defense Defense Time % Phy DF OF
1 Milan Jurcina Shane Sims 60 1 2 2
2 Martin Marincin Nicolas Deslauriers 40 1 2 2
Last Minutes Offensive
Center Left Wing Right Wing Defense Defense
Cody Hodgson Sergei Kostitsyn Stanislav Chistov Milan Jurcina Shane Sims
Last Minutes Defensive
Center Left Wing Right Wing Defense Defense
Cody Hodgson Sergei Kostitsyn Stanislav Chistov Milan Jurcina Shane Sims
Goaltenders
Starting : Marc Denis
Backup : Jeff Frazee
Extra Forwards
Normal : Nick Bjugstad, Tomas Jurco, Ryan Dzingel - PP : Nick Bjugstad, Tomas Jurco - PK : Ryan Dzingel
Extra Defensemen
Normal : Ryan Hegarty, Brandon Davidson, Keegan Lowe - PP : Ryan Hegarty - PK : Brandon Davidson, Keegan Lowe
Penalty Shots
Sergei Kostitsyn, Andy Hilbert, Cody Hodgson, Stanislav Chistov, Josh Hennessy
Sewer Rats
5 vs 5 Forward
Center Left Wing Right Wing Time % Phy DF OF
1 Peter Mueller Ville Leino Mark Mancari 40 1 2 2
2 Kyle Turris Zach Boychuk Jared Boll 30 1 2 2
3 Jonathan Marchessault Vojtech Polak Derek Dorsett 20 1 2 2
4 Evan Brophey John Lammers Ville Leino 10 1 2 2
5 vs 5 Defense
Defense Defense Time % Phy DF OF
1 Richard Jackman Matt Lashoff 40 1 2 2
2 Mattias Ekholm Kyle Quincey 30 1 2 2
3 Steven Kampfer Jarred Tinordi 20 1 2 2
4 Joel Edmundson Ryan Murphy 10 1 2 2
PowerPlay Forward
Center Left Wing Right Wing Time % Phy DF OF
1 Peter Mueller Ville Leino Mark Mancari 60 1 2 2
2 Kyle Turris Zach Boychuk Jared Boll 40 1 2 2
PowerPlay Defense
Defense Defense Time % Phy DF OF
1 Richard Jackman Matt Lashoff 60 1 2 2
2 Mattias Ekholm Kyle Quincey 40 1 2 2
Penalty Kill 4 Players Forward
Center Wing Time % Phy DF OF
1 Ville Leino Peter Mueller 60 1 2 2
2 Mark Mancari Zach Boychuk 40 1 2 2
Penalty Kill 4 Players Defense
Defense Defense Time % Phy DF OF
1 Richard Jackman Matt Lashoff 60 1 2 2
2 Mattias Ekholm Kyle Quincey 40 1 2 2
Penalty Kill - 3 Players Forward
Forward Time % Phy DF OF
1 Ville Leino 60 1 2 2
2 Peter Mueller 40 1 2 2
Penalty Kill - 3 Players Defense
Defense Defense Time % Phy DF OF
1 Richard Jackman Matt Lashoff 60 1 2 2
2 Mattias Ekholm Kyle Quincey 40 1 2 2
4 vs 4 Forward
Center Wing Time % Phy DF OF
1 Ville Leino Peter Mueller 60 1 2 2
2 Mark Mancari Zach Boychuk 40 1 2 2
4 vs 4 Defense
Defense Defense Time % Phy DF OF
1 Richard Jackman Matt Lashoff 60 1 2 2
2 Mattias Ekholm Kyle Quincey 40 1 2 2
Last Minutes Offensive
Center Left Wing Right Wing Defense Defense
Peter Mueller Ville Leino Mark Mancari Richard Jackman Matt Lashoff
Last Minutes Defensive
Center Left Wing Right Wing Defense Defense
Peter Mueller Ville Leino Mark Mancari Richard Jackman Matt Lashoff
Goaltenders
Starting : Richard Bachman
Backup : Brad Thiessen
Extra Forwards
Normal : Patrick Bordeleau, Tom Sestito, Daniel Carr - PP : Patrick Bordeleau, Tom Sestito - PK : Daniel Carr
Extra Defensemen
Normal : Steven Kampfer, Jarred Tinordi, Joel Edmundson - PP : Steven Kampfer - PK : Jarred Tinordi, Joel Edmundson
Penalty Shots
Ville Leino, Peter Mueller, Mark Mancari, Zach Boychuk, Kyle Turris
% Time on Ice - Senators
Lines # - Real PCT - Wanted PCT - Time Play
Normal Forward
1 - 36% - 40% - 18:18
2 - 30% - 30% - 15:26
3 - 20% - 20% - 10:30
4 - 14% - 10% - 7:12
Normal Defense
1 - 38% - 40% - 19:37
2 - 31% - 30% - 16:11
3 - 22% - 20% - 11:25
4 - 8% - 10% - 4:13
PP Forward
1 - 65% - 60% - 4:06
2 - 35% - 40% - 2:14
PP Defense
1 - 53% - 60% - 3:21
2 - 47% - 40% - 2:59
PK Forward
1 - 79% - 60% - 1:46
2 - 21% - 40% - 0:28
PK Defense
1 - 64% - 60% - 1:26
2 - 36% - 40% - 0:48
PK3 Forward
1 - 0% - 60%
2 - 0% - 40%
PK3 Defense
1 - 0% - 60%
2 - 0% - 40%
44 Forward
1 - 0% - 60%
2 - 0% - 40%
44 Defense
1 - 0% - 60%
2 - 0% - 40%
Last Minute Offensive - 0:00
Last Minute Defensive - 0:00
Total
Forward - 60:00
Defense - 60:00
|
% Time on Ice - Sewer Rats
Lines # - Real PCT - Wanted PCT - Time Play
Normal Forward
1 - 33% - 40% - 17:01
2 - 34% - 30% - 17:19
3 - 23% - 20% - 11:44
4 - 10% - 10% - 5:22
Normal Defense
1 - 40% - 40% - 20:31
2 - 29% - 30% - 14:52
3 - 21% - 20% - 10:42
4 - 10% - 10% - 5:21
PP Forward
1 - 58% - 60% - 1:18
2 - 42% - 40% - 0:56
PP Defense
1 - 63% - 60% - 1:24
2 - 37% - 40% - 0:50
PK Forward
1 - 70% - 60% - 4:25
2 - 30% - 40% - 1:55
PK Defense
1 - 61% - 60% - 3:51
2 - 39% - 40% - 2:29
PK3 Forward
1 - 0% - 60%
2 - 0% - 40%
PK3 Defense
1 - 0% - 60%
2 - 0% - 40%
44 Forward
1 - 0% - 60%
2 - 0% - 40%
44 Defense
1 - 0% - 60%
2 - 0% - 40%
Last Minute Offensive - 0:00
Last Minute Defensive - 0:00
Total
Forward - 60:00
Defense - 60:00
|
Play by Play
1st period
0:01 of 1st period - Peter Mueller wins face-off versus Stanislav Chistov in neutral zone.
0:54 of 1st period - Wrist shot by Jonathan Marchessault.
0:54 of 1st period - Shot Misses the Net.
1:10 of 1st period - Wrist shot by Ville Leino.
1:10 of 1st period - Shot Blocked by Martin Marincin.
1:26 of 1st period - Snap shot by Peter Mueller.
1:26 of 1st period - Stopped by Marc Denis without a rebound.
1:27 of 1st period - Peter Mueller wins face-off versus Cody Hodgson in Senators zone.
1:30 of 1st period - Slapshot by Mark Mancari.
1:30 of 1st period - Stopped by Marc Denis without a rebound.
1:31 of 1st period - Peter Mueller wins face-off versus Josh Hennessy in Senators zone.
1:53 of 1st period - Icing by Matt Lashoff.
1:54 of 1st period - Peter Mueller wins face-off versus Cody Hodgson in Sewer Rats zone.
2:20 of 1st period - Richard Jackman is hit by Jack Skille and loses puck.
3:16 of 1st period - Wrist shot by Zach Boychuk.
3:16 of 1st period - Stopped by Marc Denis with a rebound.
3:18 of 1st period - Slapshot by Matt Lashoff.
3:18 of 1st period - Shot Misses the Net.
3:20 of 1st period - Wrist shot by Zach Boychuk.
3:20 of 1st period - Stopped by Marc Denis with a rebound.
3:37 of 1st period - Minor Penalty to Richard Jackman for Interference.
3:38 of 1st period - Ville Leino wins face-off versus Cody Hodgson in Sewer Rats zone.
3:54 of 1st period - Wrist shot by Cody Hodgson.
3:54 of 1st period - Shot Blocked by Mattias Ekholm.
4:36 of 1st period - Mark Mancari is hit by Nick Bjugstad and loses puck.
4:47 of 1st period - Mark Mancari is hit by Nicolas Deslauriers and loses puck.
5:25 of 1st period - Tomas Jurco is hit by Vincent Trocheck and loses puck.
5:37 of 1st period - Penalty to Richard Jackman is over, Richard Jackman is back on ice.
5:54 of 1st period - Snap shot by Gabriel Bourque.
5:54 of 1st period - Shot Misses the Net.
5:56 of 1st period - Slapshot by Shane Sims.
5:56 of 1st period - Stopped by Richard Bachman with a rebound.
5:58 of 1st period - Slapshot by Milan Jurcina.
5:58 of 1st period - Stopped by Richard Bachman with a rebound.
6:05 of 1st period - Icing by Steven Kampfer.
6:06 of 1st period - Matt Frattin wins face-off versus John Lammers in Sewer Rats zone.
6:15 of 1st period - Wrist shot by Jaden Schwartz.
6:15 of 1st period - Stopped by Richard Bachman with a rebound.
6:35 of 1st period - Wrist shot by Derek Dorsett.
6:35 of 1st period - Stopped by Marc Denis without a rebound.
6:36 of 1st period - Jonathan Marchessault wins face-off versus Cody Hodgson in Senators zone.
6:41 of 1st period - Slapshot by Vojtech Polak.
6:41 of 1st period - Stopped by Marc Denis without a rebound.
6:42 of 1st period - Peter Mueller wins face-off versus Cody Hodgson in Senators zone.
7:24 of 1st period - Mattias Ekholm is hit by Marc-André Bernier and loses puck.
7:45 of 1st period - Wrist shot by Mark Olver.
7:45 of 1st period - Stopped by Richard Bachman with a rebound.
7:47 of 1st period - Slapshot by Martin Marincin.
7:47 of 1st period - Shot Blocked by Kyle Quincey.
7:49 of 1st period - Slapshot by Nicolas Deslauriers.
7:49 of 1st period - Stopped by Richard Bachman with a rebound.
8:15 of 1st period - Wrist shot by Vojtech Polak.
8:15 of 1st period - Shot Misses the Net.
8:29 of 1st period - Wrist shot by Gabriel Bourque.
8:29 of 1st period - Deflect By Mark Olver.
8:29 of 1st period - Stopped by Richard Bachman without a rebound.
8:30 of 1st period - Cody Hodgson wins face-off versus Peter Mueller in Sewer Rats zone.
8:33 of 1st period - Wrist shot by Cody Hodgson.
8:33 of 1st period - Deflect By Ville Leino.
8:33 of 1st period - Stopped by Richard Bachman without a rebound.
8:34 of 1st period - Peter Mueller wins face-off versus Cody Hodgson in Sewer Rats zone.
9:23 of 1st period - Wrist shot by Ville Leino.
9:23 of 1st period - Shot Misses the Net.
9:25 of 1st period - Slapshot by Joel Edmundson.
9:25 of 1st period - Shot Misses the Net.
10:34 of 1st period - Icing by Jack Skille.
10:35 of 1st period - Cody Hodgson wins face-off versus Kyle Turris in Senators zone.
10:58 of 1st period - Snap shot by Peter Mueller.
10:58 of 1st period - Goal by Peter Mueller - Senators : 0 - Sewer Rats : 1.
10:59 of 1st period - Peter Mueller wins face-off versus Cody Hodgson in neutral zone.
11:02 of 1st period - Slapshot by Ville Leino.
11:02 of 1st period - Shot Misses the Net.
11:33 of 1st period - Wrist shot by Jack Skille.
11:33 of 1st period - Stopped by Richard Bachman with a rebound.
11:35 of 1st period - Backhand shot by Nicolas Deslauriers.
11:35 of 1st period - Shot Misses the Net.
12:08 of 1st period - Snap shot by Matt Frattin.
12:08 of 1st period - Stopped by Richard Bachman with a rebound.
12:10 of 1st period - Snap shot by Milan Jurcina.
12:10 of 1st period - Stopped by Richard Bachman with a rebound.
12:12 of 1st period - Wrist shot by Cody Hodgson.
12:12 of 1st period - Shot Blocked by Matt Lashoff.
12:35 of 1st period - Minor Penalty to Kyle Turris for Roughing.
12:36 of 1st period - Ville Leino wins face-off versus Cody Hodgson in Sewer Rats zone.
12:44 of 1st period - Snap shot by Sergei Kostitsyn.
12:44 of 1st period - Stopped by Richard Bachman without a rebound.
12:45 of 1st period - Cody Hodgson wins face-off versus Ville Leino in Sewer Rats zone.
12:46 of 1st period - Snap shot by Sergei Kostitsyn.
12:46 of 1st period - Shot Blocked by Richard Jackman.
12:48 of 1st period - Wrist shot by Stanislav Chistov.
12:48 of 1st period - Goal by Stanislav Chistov - Senators : 1 - Sewer Rats : 1.
12:49 of 1st period - Cody Hodgson wins face-off versus Peter Mueller in neutral zone.
13:27 of 1st period - Snap shot by Andy Hilbert.
13:27 of 1st period - Stopped by Richard Bachman without a rebound.
13:28 of 1st period - Cody Hodgson wins face-off versus Jonathan Marchessault in Sewer Rats zone.
13:37 of 1st period - Wrist shot by Cody Hodgson.
13:37 of 1st period - Stopped by Richard Bachman without a rebound.
13:38 of 1st period - Cody Hodgson wins face-off versus Peter Mueller in Sewer Rats zone.
13:39 of 1st period - Slapshot by Stanislav Chistov.
13:39 of 1st period - Stopped by Richard Bachman with a rebound.
14:11 of 1st period - Snap shot by Jared Boll.
14:11 of 1st period - Deflect By Zach Boychuk.
14:11 of 1st period - Stopped by Marc Denis with a rebound.
14:33 of 1st period - Wrist shot by John Lammers.
14:33 of 1st period - Shot Misses the Net.
14:40 of 1st period - Icing by Mark Olver.
14:41 of 1st period - Tommy Wingels wins face-off versus Jonathan Marchessault in Senators zone.
14:58 of 1st period - Icing by Tommy Wingels.
14:59 of 1st period - Tommy Wingels wins face-off versus Peter Mueller in Senators zone.
15:11 of 1st period - Off-side.
15:12 of 1st period - Peter Mueller wins face-off versus Cody Hodgson in neutral zone.
15:44 of 1st period - Steven Kampfer is hit by Milan Jurcina and loses puck.
16:10 of 1st period - Gabriel Bourque is hit by Mattias Ekholm and loses puck.
16:29 of 1st period - Snap shot by Peter Mueller.
16:29 of 1st period - Stopped by Marc Denis with a rebound.
16:55 of 1st period - Wrist shot by Ville Leino.
16:55 of 1st period - Stopped by Marc Denis without a rebound.
16:56 of 1st period - Evan Brophey wins face-off versus Josh Hennessy in Senators zone.
16:59 of 1st period - Slapshot by Ville Leino.
16:59 of 1st period - Shot Misses the Net.
18:42 of 1st period - Minor Penalty to John Lammers for Hooking.
18:43 of 1st period - Ville Leino wins face-off versus Cody Hodgson in Sewer Rats zone.
19:11 of 1st period - Wrist shot by Josh Hennessy.
19:11 of 1st period - Shot Misses the Net.
Goals for this period are 1 for Senators vs 1 for Sewer Rats.
Shots for this period are 15 for Senators vs 10 for Sewer Rats.
2nd period
0:01 of 2nd period - Ville Leino wins face-off versus Cody Hodgson in neutral zone.
0:33 of 2nd period - Snap shot by Andy Hilbert.
0:33 of 2nd period - Shot Misses the Net.
0:39 of 2nd period - Snap shot by Josh Hennessy.
0:39 of 2nd period - Stopped by Richard Bachman with a rebound.
0:41 of 2nd period - Snap shot by Josh Hennessy.
0:41 of 2nd period - Shot Misses the Net.
0:42 of 2nd period - Penalty to John Lammers is over, John Lammers is back on ice.
0:51 of 2nd period - Mark Olver is hit by Richard Jackman and loses puck.
1:57 of 2nd period - Snap shot by Mark Mancari.
1:57 of 2nd period - Deflect By Peter Mueller.
1:57 of 2nd period - Shot Blocked by Andy Hilbert.
1:57 of 2nd period - Puck is out of play.
1:58 of 2nd period - Josh Hennessy wins face-off versus Peter Mueller in Senators zone.
2:22 of 2nd period - Mattias Ekholm is hit by Sergei Kostitsyn and loses puck.
2:45 of 2nd period - Snap shot by Zach Boychuk.
2:45 of 2nd period - Deflect By Kyle Turris.
2:45 of 2nd period - Shot Misses the Net.
2:45 of 2nd period - Puck is out of play.
2:46 of 2nd period - Mark Olver wins face-off versus Zach Boychuk in Senators zone.
3:12 of 2nd period - Martin Marincin is hit by Ville Leino and loses puck.
3:21 of 2nd period - Snap shot by Ville Leino.
3:21 of 2nd period - Stopped by Marc Denis without a rebound.
3:22 of 2nd period - Peter Mueller wins face-off versus Jack Skille in Senators zone.
3:25 of 2nd period - Wrist shot by Ville Leino.
3:25 of 2nd period - Stopped by Marc Denis without a rebound.
3:26 of 2nd period - Peter Mueller wins face-off versus Josh Hennessy in Senators zone.
3:37 of 2nd period - Wrist shot by Josh Hennessy.
3:37 of 2nd period - Stopped by Richard Bachman without a rebound.
3:38 of 2nd period - Cody Hodgson wins face-off versus Peter Mueller in Sewer Rats zone.
3:51 of 2nd period - Snap shot by Ville Leino.
3:51 of 2nd period - Stopped by Marc Denis with a rebound.
3:53 of 2nd period - Slapshot by Matt Lashoff.
3:53 of 2nd period - Shot Misses the Net.
4:57 of 2nd period - Minor Penalty to Mark Mancari for Roughing.
4:58 of 2nd period - Ville Leino wins face-off versus Cody Hodgson in Sewer Rats zone.
4:58 of 2nd period - Ville Leino is hit by Sergei Kostitsyn.
5:07 of 2nd period - Slapshot by Stanislav Chistov.
5:07 of 2nd period - Deflect By Sergei Kostitsyn.
5:07 of 2nd period - Goal by Sergei Kostitsyn - Senators : 2 - Sewer Rats : 1.
5:08 of 2nd period - Peter Mueller wins face-off versus Stanislav Chistov in neutral zone.
5:27 of 2nd period - Cody Hodgson is hit by Peter Mueller.
6:02 of 2nd period - Wrist shot by Vojtech Polak.
6:02 of 2nd period - Shot Misses the Net.
6:04 of 2nd period - Slapshot by Mattias Ekholm.
6:04 of 2nd period - Shot Misses the Net.
6:06 of 2nd period - Wrist shot by Jonathan Marchessault.
6:06 of 2nd period - Shot Misses the Net.
6:08 of 2nd period - Wrist shot by Derek Dorsett.
6:08 of 2nd period - Shot Misses the Net.
6:10 of 2nd period - Wrist shot by Vojtech Polak.
6:10 of 2nd period - Shot Blocked by Milan Jurcina.
6:12 of 2nd period - Slapshot by Kyle Quincey.
6:12 of 2nd period - Stopped by Marc Denis with a rebound.
6:19 of 2nd period - Icing by Shane Sims.
6:20 of 2nd period - Evan Brophey wins face-off versus Josh Hennessy in Senators zone.
6:21 of 2nd period - Snap shot by John Lammers.
6:21 of 2nd period - Deflect By Ville Leino.
6:21 of 2nd period - Shot Blocked by Andy Hilbert.
6:21 of 2nd period - Puck is out of play.
6:22 of 2nd period - Cody Hodgson wins face-off versus Peter Mueller in Senators zone.
6:55 of 2nd period - Slapshot by Gabriel Bourque.
6:55 of 2nd period - Stopped by Richard Bachman with a rebound.
6:57 of 2nd period - Backhand shot by Martin Marincin.
6:57 of 2nd period - Stopped by Richard Bachman without a rebound.
6:58 of 2nd period - Peter Mueller wins face-off versus Josh Hennessy in Sewer Rats zone.
7:11 of 2nd period - Wrist shot by Mark Mancari.
7:11 of 2nd period - Goal by Mark Mancari - Senators : 2 - Sewer Rats : 2.
7:12 of 2nd period - Cody Hodgson wins face-off versus Mark Mancari in neutral zone.
7:17 of 2nd period - Wrist shot by Peter Mueller.
7:17 of 2nd period - Deflect By Mark Mancari.
7:17 of 2nd period - Shot Misses the Net.
7:17 of 2nd period - Puck is out of play.
7:18 of 2nd period - Mark Mancari wins face-off versus Cody Hodgson in Senators zone.
7:26 of 2nd period - Icing by Sergei Kostitsyn.
7:27 of 2nd period - Peter Mueller wins face-off versus Cody Hodgson in Senators zone.
7:38 of 2nd period - Wrist shot by Ville Leino.
7:38 of 2nd period - Deflect By Peter Mueller.
7:38 of 2nd period - Stopped by Marc Denis with a rebound.
8:39 of 2nd period - Slapshot by Gabriel Bourque.
8:39 of 2nd period - Stopped by Richard Bachman with a rebound.
9:14 of 2nd period - Snap shot by Ville Leino.
9:14 of 2nd period - Goal by Ville Leino - Senators : 2 - Sewer Rats : 3.
9:15 of 2nd period - Zach Boychuk wins face-off versus Cody Hodgson in neutral zone.
9:27 of 2nd period - Off-side.
9:28 of 2nd period - Cody Hodgson wins face-off versus Peter Mueller in neutral zone.
9:35 of 2nd period - Wrist shot by Cody Hodgson.
9:35 of 2nd period - Deflect By Stanislav Chistov.
9:35 of 2nd period - Shot Blocked by Matt Lashoff.
9:35 of 2nd period - Puck is out of play.
9:36 of 2nd period - Cody Hodgson wins face-off versus Ville Leino in Sewer Rats zone.
9:37 of 2nd period - Snap shot by Stanislav Chistov.
9:37 of 2nd period - Deflect By Cody Hodgson.
9:37 of 2nd period - Shot Hit the Post.
9:37 of 2nd period - Puck is out of play.
9:38 of 2nd period - Peter Mueller wins face-off versus Sergei Kostitsyn in Sewer Rats zone.
10:01 of 2nd period - Wrist shot by Cody Hodgson.
10:01 of 2nd period - Stopped by Richard Bachman without a rebound.
10:02 of 2nd period - Josh Hennessy wins face-off versus Kyle Turris in Sewer Rats zone.
10:03 of 2nd period - Snap shot by Andy Hilbert.
10:03 of 2nd period - Stopped by Richard Bachman with a rebound.
10:17 of 2nd period - Snap shot by Kyle Turris.
10:17 of 2nd period - Stopped by Marc Denis with a rebound.
10:28 of 2nd period - Icing by Gabriel Bourque.
10:29 of 2nd period - Jonathan Marchessault wins face-off versus Mark Olver in Senators zone.
10:30 of 2nd period - Slapshot by Derek Dorsett.
10:30 of 2nd period - Deflect By Vojtech Polak.
10:30 of 2nd period - Shot Blocked by Mark Olver.
10:30 of 2nd period - Puck is out of play.
10:31 of 2nd period - Marc-André Bernier wins face-off versus Derek Dorsett in Senators zone.
10:38 of 2nd period - Slapshot by Vojtech Polak.
10:38 of 2nd period - Shot Misses the Net.
10:40 of 2nd period - Snap shot by Jonathan Marchessault.
10:40 of 2nd period - Shot Misses the Net.
10:42 of 2nd period - Slapshot by Steven Kampfer.
10:42 of 2nd period - Stopped by Marc Denis without a rebound.
10:43 of 2nd period - Cody Hodgson wins face-off versus Peter Mueller in Senators zone.
10:48 of 2nd period - Backhand shot by Ville Leino.
10:48 of 2nd period - Stopped by Marc Denis without a rebound.
10:49 of 2nd period - Peter Mueller wins face-off versus Cody Hodgson in Senators zone.
10:52 of 2nd period - Snap shot by Mark Mancari.
10:52 of 2nd period - Stopped by Marc Denis with a rebound.
10:54 of 2nd period - Wrist shot by Ville Leino.
10:54 of 2nd period - Shot Misses the Net.
10:56 of 2nd period - Wrist shot by Peter Mueller.
10:56 of 2nd period - Stopped by Marc Denis without a rebound.
10:57 of 2nd period - Peter Mueller wins face-off versus Cody Hodgson in Senators zone.
11:12 of 2nd period - Wrist shot by Cody Hodgson.
11:12 of 2nd period - Stopped by Richard Bachman with a rebound.
11:27 of 2nd period - Snap shot by Josh Hennessy.
11:27 of 2nd period - Shot Blocked by Kyle Quincey.
11:29 of 2nd period - Snap shot by Josh Hennessy.
11:29 of 2nd period - Shot Misses the Net.
11:31 of 2nd period - Wrist shot by Andy Hilbert.
11:31 of 2nd period - Shot Misses the Net.
11:45 of 2nd period - Snap shot by Derek Dorsett.
11:45 of 2nd period - Shot Misses the Net.
11:47 of 2nd period - Slapshot by Jonathan Marchessault.
11:47 of 2nd period - Stopped by Marc Denis without a rebound.
11:48 of 2nd period - Jonathan Marchessault wins face-off versus Tommy Wingels in Senators zone.
11:53 of 2nd period - Wrist shot by Jonathan Marchessault.
11:53 of 2nd period - Shot Misses the Net.
11:55 of 2nd period - Wrist shot by Vojtech Polak.
11:55 of 2nd period - Deflect By Derek Dorsett.
11:55 of 2nd period - Stopped by Marc Denis without a rebound.
11:56 of 2nd period - Cody Hodgson wins face-off versus Peter Mueller in Senators zone.
12:06 of 2nd period - Slapshot by Richard Jackman.
12:06 of 2nd period - Shot Misses the Net.
12:32 of 2nd period - Backhand shot by Gabriel Bourque.
12:32 of 2nd period - Stopped by Richard Bachman with a rebound.
12:58 of 2nd period - Andy Hilbert is hit by Jared Boll and loses puck.
13:09 of 2nd period - Snap shot by Stanislav Chistov.
13:09 of 2nd period - Stopped by Richard Bachman with a rebound.
13:15 of 2nd period - Sergei Kostitsyn is hit by Jonathan Marchessault and loses puck.
13:59 of 2nd period - Snap shot by Josh Hennessy.
13:59 of 2nd period - Stopped by Richard Bachman with a rebound.
14:01 of 2nd period - Slapshot by Jack Skille.
14:01 of 2nd period - Stopped by Richard Bachman without a rebound.
14:02 of 2nd period - Jonathan Marchessault wins face-off versus Josh Hennessy in Sewer Rats zone.
14:35 of 2nd period - Snap shot by Peter Mueller.
14:35 of 2nd period - Stopped by Marc Denis with a rebound.
14:50 of 2nd period - Snap shot by Gabriel Bourque.
14:50 of 2nd period - Shot Blocked by Jared Boll.
15:16 of 2nd period - Snap shot by Matt Frattin.
15:16 of 2nd period - Shot Blocked by Richard Jackman.
15:18 of 2nd period - Snap shot by Matt Frattin.
15:18 of 2nd period - Shot Blocked by Matt Lashoff.
15:20 of 2nd period - Slapshot by Nicolas Deslauriers.
15:20 of 2nd period - Deflect By Jaden Schwartz.
15:20 of 2nd period - Stopped by Richard Bachman with a rebound.
16:23 of 2nd period - Wrist shot by Tommy Wingels.
16:23 of 2nd period - Shot Blocked by Jarred Tinordi.
16:25 of 2nd period - Snap shot by Jaden Schwartz.
16:25 of 2nd period - Stopped by Richard Bachman without a rebound.
16:26 of 2nd period - Jonathan Marchessault wins face-off versus Cody Hodgson in Sewer Rats zone.
16:26 of 2nd period - Jonathan Marchessault is hit by Cody Hodgson.
16:53 of 2nd period - Zach Boychuk is hit by Josh Hennessy and loses puck.
17:20 of 2nd period - Slapshot by Kyle Turris.
17:20 of 2nd period - Stopped by Marc Denis without a rebound.
17:21 of 2nd period - Cody Hodgson wins face-off versus Peter Mueller in Senators zone.
17:21 of 2nd period - Cody Hodgson is hit by Ville Leino.
17:27 of 2nd period - Ville Leino is hit by Sergei Kostitsyn and loses puck.
17:36 of 2nd period - Snap shot by Peter Mueller.
17:36 of 2nd period - Deflect By Ville Leino.
17:36 of 2nd period - Shot Misses the Net.
17:36 of 2nd period - Puck is out of play.
17:37 of 2nd period - Josh Hennessy wins face-off versus Kyle Turris in Senators zone.
18:03 of 2nd period - Minor Penalty to Mark Mancari for Holding Stick.
18:04 of 2nd period - Ville Leino wins face-off versus Cody Hodgson in Sewer Rats zone.
19:28 of 2nd period - Icing by Cody Hodgson.
19:29 of 2nd period - Cody Hodgson wins face-off versus Ville Leino in Senators zone.
Goals for this period are 1 for Senators vs 2 for Sewer Rats.
Shots for this period are 15 for Senators vs 16 for Sewer Rats.
3rd period
0:01 of 3rd period - Cody Hodgson wins face-off versus Ville Leino in neutral zone.
0:03 of 3rd period - Penalty to Mark Mancari is over, Mark Mancari is back on ice.
0:14 of 3rd period - Snap shot by Sergei Kostitsyn.
0:14 of 3rd period - Shot Misses the Net.
0:16 of 3rd period - Snap shot by Cody Hodgson.
0:16 of 3rd period - Stopped by Richard Bachman without a rebound.
0:17 of 3rd period - Josh Hennessy wins face-off versus Kyle Turris in Sewer Rats zone.
0:18 of 3rd period - Wrist shot by Andy Hilbert.
0:18 of 3rd period - Stopped by Richard Bachman without a rebound.
0:19 of 3rd period - Kyle Turris wins face-off versus Josh Hennessy in Sewer Rats zone.
0:51 of 3rd period - Wrist shot by Mark Mancari.
0:51 of 3rd period - Shot Blocked by Martin Marincin.
0:53 of 3rd period - Slapshot by Mattias Ekholm.
0:53 of 3rd period - Deflect By Peter Mueller.
0:53 of 3rd period - Shot Blocked by Stanislav Chistov.
0:53 of 3rd period - Puck is out of play.
0:54 of 3rd period - Kyle Turris wins face-off versus Mark Olver in Senators zone.
1:15 of 3rd period - Minor Penalty to Marc-André Bernier for Tripping.
1:16 of 3rd period - Peter Mueller wins face-off versus Sergei Kostitsyn in Senators zone.
2:57 of 3rd period - Richard Jackman is hit by Shane Sims and loses puck.
3:15 of 3rd period - Penalty to Marc-André Bernier is over, Marc-André Bernier is back on ice.
3:31 of 3rd period - Derek Dorsett is hit by Jaden Schwartz and loses puck.
3:46 of 3rd period - Jarred Tinordi is hit by Mark Olver and loses puck.
4:14 of 3rd period - Slapshot by Milan Jurcina.
4:14 of 3rd period - Shot Misses the Net.
5:28 of 3rd period - Snap shot by Josh Hennessy.
5:28 of 3rd period - Shot Blocked by Peter Mueller.
6:08 of 3rd period - Marc-André Bernier is hit by Zach Boychuk and loses puck.
6:31 of 3rd period - Cody Hodgson is hit by Ville Leino and loses puck.
7:04 of 3rd period - Snap shot by Jaden Schwartz.
7:04 of 3rd period - Stopped by Richard Bachman with a rebound.
7:06 of 3rd period - Wrist shot by Matt Frattin.
7:06 of 3rd period - Shot Blocked by Peter Mueller.
7:24 of 3rd period - Peter Mueller is hit by Gabriel Bourque.
7:58 of 3rd period - Snap shot by Vojtech Polak.
7:58 of 3rd period - Stopped by Marc Denis with a rebound.
8:00 of 3rd period - Slapshot by Jarred Tinordi.
8:00 of 3rd period - Shot Misses the Net.
8:30 of 3rd period - Cody Hodgson is hit by Zach Boychuk.
8:50 of 3rd period - Wrist shot by Cody Hodgson.
8:50 of 3rd period - Shot Misses the Net.
8:52 of 3rd period - Slapshot by Stanislav Chistov.
8:52 of 3rd period - Shot Blocked by Zach Boychuk.
8:52 of 3rd period - Zach Boychuk from Sewer Rats is injured at 8:52 of 3rd period (Broken Right Thumb).
8:53 of 3rd period - Cody Hodgson wins face-off versus Peter Mueller in Sewer Rats zone.
8:54 of 3rd period - Snap shot by Stanislav Chistov.
8:54 of 3rd period - Stopped by Richard Bachman without a rebound.
8:55 of 3rd period - Peter Mueller wins face-off versus Cody Hodgson in Sewer Rats zone.
9:10 of 3rd period - Snap shot by Peter Mueller.
9:10 of 3rd period - Stopped by Marc Denis without a rebound.
9:11 of 3rd period - Kyle Turris wins face-off versus Andy Hilbert in Senators zone.
9:22 of 3rd period - Snap shot by Jared Boll.
9:22 of 3rd period - Deflect By Jack Skille.
9:22 of 3rd period - Shot Misses the Net.
9:22 of 3rd period - Puck is out of play.
9:23 of 3rd period - Peter Mueller wins face-off versus Cody Hodgson in Senators zone.
9:26 of 3rd period - Snap shot by Ville Leino.
9:26 of 3rd period - Stopped by Marc Denis with a rebound.
9:28 of 3rd period - Minor Penalty to Milan Jurcina for Tripping.
9:29 of 3rd period - Sergei Kostitsyn wins face-off versus Peter Mueller in Senators zone.
9:43 of 3rd period - Slapshot by Richard Jackman.
9:43 of 3rd period - Deflect By Ville Leino.
9:43 of 3rd period - Goal by Ville Leino - Senators : 2 - Sewer Rats : 4.
9:44 of 3rd period - Peter Mueller wins face-off versus Cody Hodgson in neutral zone.
10:14 of 3rd period - Icing by Josh Hennessy.
10:15 of 3rd period - Jack Skille wins face-off versus Kyle Turris in Senators zone.
11:25 of 3rd period - Wrist shot by Jared Boll.
11:25 of 3rd period - Stopped by Marc Denis without a rebound.
11:26 of 3rd period - Peter Mueller wins face-off versus Cody Hodgson in Senators zone.
11:37 of 3rd period - Snap shot by Peter Mueller.
11:37 of 3rd period - Stopped by Marc Denis without a rebound.
11:38 of 3rd period - Peter Mueller wins face-off versus Cody Hodgson in Senators zone.
11:41 of 3rd period - Slapshot by Peter Mueller.
11:41 of 3rd period - Goal by Peter Mueller - Senators : 2 - Sewer Rats : 5.
11:42 of 3rd period - Cody Hodgson wins face-off versus Peter Mueller in neutral zone.
11:45 of 3rd period - Snap shot by Stanislav Chistov.
11:45 of 3rd period - Stopped by Richard Bachman with a rebound.
11:47 of 3rd period - Snap shot by Stanislav Chistov.
11:47 of 3rd period - Stopped by Richard Bachman with a rebound.
11:49 of 3rd period - Slapshot by Shane Sims.
11:49 of 3rd period - Stopped by Richard Bachman with a rebound.
11:51 of 3rd period - Slapshot by Shane Sims.
11:51 of 3rd period - Shot Misses the Net.
12:36 of 3rd period - Slapshot by Jared Boll.
12:36 of 3rd period - Stopped by Marc Denis with a rebound.
12:38 of 3rd period - Backhand shot by Jared Boll.
12:38 of 3rd period - Shot Blocked by Jack Skille.
12:40 of 3rd period - Snap shot by Kyle Turris.
12:40 of 3rd period - Shot Misses the Net.
12:49 of 3rd period - Off-side.
12:50 of 3rd period - Tommy Wingels wins face-off versus Jonathan Marchessault in neutral zone.
13:05 of 3rd period - Snap shot by Vojtech Polak.
13:05 of 3rd period - Shot Blocked by Tommy Wingels.
13:15 of 3rd period - Richard Jackman is hit by Ryan Hegarty and loses puck.
13:24 of 3rd period - Snap shot by Cody Hodgson.
13:24 of 3rd period - Shot Misses the Net.
13:36 of 3rd period - Snap shot by Mark Mancari.
13:36 of 3rd period - Stopped by Marc Denis with a rebound.
14:40 of 3rd period - Snap shot by Gabriel Bourque.
14:40 of 3rd period - Shot Misses the Net.
14:49 of 3rd period - Icing by Mark Olver.
14:50 of 3rd period - Jonathan Marchessault wins face-off versus Mark Olver in Senators zone.
16:00 of 3rd period - Wrist shot by Stanislav Chistov.
16:00 of 3rd period - Stopped by Richard Bachman without a rebound.
16:01 of 3rd period - Jonathan Marchessault wins face-off versus Andy Hilbert in Sewer Rats zone.
16:48 of 3rd period - Snap shot by Marc-André Bernier.
16:48 of 3rd period - Shot Misses the Net.
16:57 of 3rd period - Off-side.
16:58 of 3rd period - Peter Mueller wins face-off versus Stanislav Chistov in neutral zone.
17:11 of 3rd period - Snap shot by Sergei Kostitsyn.
17:11 of 3rd period - Stopped by Richard Bachman with a rebound.
17:46 of 3rd period - Mattias Ekholm is hit by Keegan Lowe.
17:50 of 3rd period - Jonathan Marchessault is hit by Milan Jurcina.
18:27 of 3rd period - Jared Boll is hit by Jaden Schwartz and loses puck.
18:38 of 3rd period - Martin Marincin is hit by Jared Boll and loses puck.
19:13 of 3rd period - Off-side.
19:14 of 3rd period - Cody Hodgson wins face-off versus Peter Mueller in neutral zone.
19:17 of 3rd period - Snap shot by Cody Hodgson.
19:17 of 3rd period - Stopped by Richard Bachman with a rebound.
Goals for this period are 0 for Senators vs 2 for Sewer Rats.
Shots for this period are 10 for Senators vs 9 for Sewer Rats.
Back to the Top